 Dungeon Crawl Stone Soup version 0.31-a0-1612-g4aaf141004 (webtiles) character file.

Game seed: 14518389281098346656

333 zenocrate the Sneak (level 6, -4/28 HPs)
             Began as a Vine Stalker Enchanter on Jan 9, 2024.
             Slain by Edmund
             ... wielding a +2 dire flail of holy wrath
              (9 damage)
             ... on level 4 of the Dungeon.
             The game lasted 00:04:13 (2869 turns).

zenocrate the Sneak (Vine Stalker Enchanter)        Turns: 2869, Time: 00:04:14

Health: -4/28      AC:  2    Str: 17    XL:     6   Next: 52%
Magic:  0/10       EV: 12    Int: 15    God:
Gold:   247        SH:  0    Dex: 18    Spells: 1/9 levels left

rFire   . . .        b - +2 dagger of Yrezxoss {venom, Dex+2}
rCold   . . .        (no shield)
rNeg    + . .        m - +0 robe
rPois   .            (no helmet)
rElec   .            (no cloak)
rCorr   .            (no gloves)
SInv    .            (no boots)
Will    .....        (no amulet)
Stlth   +++          g - ring of positive energy
HPRegen 1.04/turn    n - +6 ring of strength
MPRegen 0.12/turn

%: guardian spirit
@: confusing by touch
A: fangs 2, regeneration 1, magic shield, antimagic bite, no potion heal 2
a: no special abilities


You were on level 4 of the Dungeon.
You visited 1 branch of the dungeon, and saw 4 of its levels.

You collected 247 gold pieces.

Inventory:

Hand Weapons
 a - a +1 dagger
 b - the +2 dagger of Yrezxoss (weapon) {venom, Dex+2}
   (You found it on level 2 of the Dungeon)

   Dex+2:     It affects your dexterity (+2).
 d - a +2 dagger of venom
Missiles
 o - 6 atropa-tipped darts (quivered)
 r - 5 boomerangs
Armour
 m - a +0 robe (worn)
Jewellery
 g - a ring of positive energy (left hand)
 n - a +6 ring of strength (right hand)
Scrolls
 h - 2 scrolls of blinking {unknown}
 i - a scroll of enchant weapon {unknown}
 j - a scroll of fog {unknown}
 k - 3 scrolls of teleportation
 q - a scroll of noise {unknown}
 s - a scroll of fear {unknown}
Potions
 c - 2 potions of invisibility
 f - a potion of cancellation
 p - a potion of curing {unknown}


   Skills:
 * Level 3.7 Short Blades
 - Level 1.5 Dodging
 + Level 5.2 Stealth
 - Level 2.1 Spellcasting
 + Level 4.2 Hexes
 + Level 2.3 Ice Magic


You had one spell level left.
You knew the following spells:

 Your Spells              Type           Power      Damage    Failure   Level
a - Ensorcelled Hibernat  Hex/Ice        22%        N/A       9%          2
b - Confusing Touch       Hex            14%        N/A       12%         3
c - Tukima's Dance        Hex            14%        N/A       12%         3

Your spell library contained the following spells:

 Spells                   Type           Power      Damage    Failure   Level
 Sandblast                Erth           2%         2d4       22%         1
 Dazzling Flash           Conj/Hex       14%        N/A       28%         3
 Passwall                 Erth           1%         N/A       54%         3
 Stone Arrow              Conj/Erth      2%         3d7       54%         3
 Brom's Barrelling Bould  Conj/Erth      1%         2d3       91%         4


Dungeon Overview and Level Annotations

Branches:
Dungeon (4/15)             Temple (0/1) D:4

Altars:
Nemelex Xobeh
The Shining One

Annotations:
D:4 Edmund


Innate Abilities, Weirdness & Mutations

You have extremely sharp teeth.
Your natural rate of healing is unusually fast.
When hurt, damage is shared between your health and your magic reserves.
Your bite disrupts and absorbs the magic of your enemies.
Potions cannot restore your health.


Message History

You hit the hound.
You kill the hound!
Casting: Ensorcelled Hibernation (safe; 9% risk of failure)
Confirm with . or Enter, or press ? or * to list all spells.
Aiming: Ensorcelled Hibernation (safe; 9% risk of failure)
Press: ? - help, Shift-Dir - straight line, f - Edmund
Aim: Edmund, wielding a +2 dire flail of holy wrath and wearing a +0 scale mail (chance to affect: 45%) Edmund looks drowsy...
Edmund misses you.
You barely miss Edmund.
Edmund hits you with a +2 dire flail of holy wrath!
You hit Edmund but do no damage. Edmund misses you.
Casting: Ensorcelled Hibernation (safe; 9% risk of failure)
Confirm with . or Enter, or press ? or * to list all spells.
Your hands begin to glow red.
Edmund completely misses you.
Unknown command.
You barely miss Edmund.
Edmund hits you with a +2 dire flail of holy wrath!
You are too injured to fight recklessly!
You hit Edmund but do no damage. Your bite misses Edmund.
Edmund barely misses you.
Unknown command.
You closely miss Edmund. You bite Edmund. You drain his power.
You feel invigorated.
Edmund is lightly wounded.
Unknown command.
You hit Edmund but do no damage.
Edmund is lightly wounded.
Edmund hits you with a +2 dire flail of holy wrath!
* * * LOW HITPOINT WARNING * * *
Unknown command.
Unknown command.
You aren't carrying any items that you can evoke.
Unknown command.
Okay, then.
You hit Edmund but do no damage. You punch Edmund, but do no damage.
Edmund is lightly wounded.
Edmund hits you with a +2 dire flail of holy wrath!
You die...
Edmund whines, "They better pay attention to me now!"

#############
##.....#.$...##
#.............##
#..............#
#[....@........# ♣♣.♣
#......@.......# ♣...♣
#..............# ♣....
#.........†..$.# #....
#.............#..
##..#####.......?....##
#..........####.##..##
#.....#.†..# #.# #..#
#.†...#....# #.# ###
#.....#....# #.#


You could see Edmund.

Vanquished Creatures
  A scorpion (D:2)
  An orc priest (D:3)
  A hound (D:4)
  An orc wizard (D:3)
  A sleepcap (D:3)
  4 adders
  3 gnolls (D:3)
  3 dart slugs
  3 ribbon worms
  8 orcs
  5 ball pythons
  6 endoplasms
  2 giant cockroaches
  8 goblins
  8 hobgoblins
  4 quokkas
  10 bats
  7 frilled lizards
  4 kobolds
  5 rats (D:1)
85 creatures vanquished.

Notes
Turn   | Place    | Note
-------+----------+-------------------------------------------
     0 | D:1      | zenocrate the Vine Stalker Enchanter began the quest for
                  | the Orb.
     0 | D:1      | Reached XP level 1. HP: 9/9 MP: 4/4
    62 | D:1      | Found a faded altar of an unknown god.
    73 | D:1      | Reached skill level 1 in Short Blades
   101 | D:1      | Reached XP level 2. HP: 12/13 MP: 4/6
   104 | D:1      | Learned a level 2 spell: Ensorcelled Hibernation
   278 | D:1      | Reached skill level 4 in Stealth
   568 | D:1      | Reached XP level 3. HP: 13/16 MP: 1/7
   937 | D:1      | Learned a level 3 spell: Confusing Touch
  1172 | D:2      | Reached skill level 1 in Ice Magic
  1184 | D:2      | Reached XP level 4. HP: 21/21 MP: 8/8
  1198 | D:2      | Noticed a scorpion
  1204 | D:2      | Killed a scorpion
  1205 | D:2      | Reached XP level 5. HP: 23/24 MP: 0/9
  1248 | D:2      | Learned a level 3 spell: Tukima's Dance
  1293 | D:2      | Identified the +2 dagger of Yrezxoss {venom, Dex+2}
  1834 | D:3      | Identified the +1 quarterstaff of the Other Side {freeze,
                  | Fly Int+3}
  1914 | D:3      | Found a sparkling altar of Nemelex Xobeh.
  2132 | D:3      | Reached skill level 5 in Stealth
  2132 | D:3      | Reached XP level 6. HP: 24/28 MP: 4/10
  2435 | D:3      | Found a glowing golden altar of the Shining One.
  2816 | D:4      | Found a staircase to the Ecumenical Temple.
  2851 | D:4      | Noticed Edmund
  2869 | D:4      | Slain by Edmund

Illustrated notes

Levels and vault maps discovered:
D:1:      dpeg_arrival_stone_temple_mockup, layout_rooms,
          basic_ecumenical_altar, minmay_misc_feat_alley,
          chequers_decorated_corner, nicolae_figureground_pulse
D:2:      layout_loops_ring, grunt_ministairs_10, minmay_tromino_mix6
D:3:      layout_loops_ring, nemelex_diamond_rough_becter,
          nicolae_tso_swordbearing_angel
D:4:      layout_rooms, temple_statues, ebering_ghost_sewer_f,
          kennysheep_generic_room_13, uniq_sigmund, uniq_crazy_yiuf_cottage,
          uniq_edmund

Skill      XL: |  1  2  3  4  5 |
---------------+----------------+-----
Short Blades   | 1 2 3 |  3.7
Stealth        | 4 5 |  5.2
Ice Magic      | 1 2 |  2.3
Hexes          | 4 |  4.2
Dodging        | |  1.5
Spellcasting   | |  2.1

Action                     |  1- 3 |  4- 6 || total
---------------------------+-------+-------++-------
  Melee: Dagger            |   118 |    98 ||   216
         Bite              |    31 |    28 ||    59
         Punch             |     2 |     1 ||     3
   Cast: Ensorcelled Hiber |    13 |    16 ||    29
         Confusing Touch   |       |     2 ||     2
    Use: Scroll            |       |     4 ||     4
   Stab: Sleeping          |    11 |    13 ||    24
         Confused          |       |     1 ||     1
 Armour: Robe              |    64 |    51 ||   115
  Dodge: Dodged            |   105 |    50 ||   155

Table legend: (Time is in decaauts)
 A = Elapsed time spent in this place.
 B = Non-inter-level travel time spent in this place.
 C = Inter-level travel time spent in this place.
 D = Time resting spent in this place.
 E = Time spent auto-exploring this place.
 F = Levels seen in this place.
 G = Mean time per level.
                   A        B        C        D        E       F      G
               +--------+--------+--------+--------+--------+-----+--------+
         Total |   2842 |   2802 |     40 |      4 |   2225 |   4 |  710.5 |
       Dungeon |   2842 |   2802 |     40 |      4 |   2225 |   4 |  710.5 |
               +--------+--------+--------+--------+--------+-----+--------+

Top non-repeatable levels by time:
     D:3: 959 daAuts
     D:1: 948 daAuts
     D:2: 783 daAuts
     D:4: 151 daAuts
